 Dungeon Crawl Stone Soup version 0.26-a0-660-gc07710193c (webtiles) character file.

Game seed: 5114366759276662949

67 marklar909 the Digger (level 4, 0/34 HPs)
             Began as a Formicid Earth Elementalist on Oct 8, 2020.
             Slain by an adder (3 damage)
             ... on level 2 of the Dungeon.
             The game lasted 00:04:03 (1599 turns).

marklar909 the Digger (Formicid Earth Elementalist) Turns: 1599, Time: 00:04:03

Health: 0/34       AC:  6    Str: 13    XL:     4   Next: 38%
Magic:  3/8        EV: 12    Int: 15    God:
Gold:   111        SH:  0    Dex: 11    Spells: 5/9 levels left

rFire    . . .     SeeInvis +   (no weapon)
rCold    . . .     Faith    .   (no shield)
rNeg     . . .     Spirit   .   c - +0 robe
rPois    .         Reflect  .   (helmet unavailable)
rElec    .         Harm     .   j - +0 cloak
rCorr    .         Rampage  .   (no gloves)
MR       .....                  f - +0 pair of boots
Stlth    ++........             (no amulet)
HPRegen  0.11/turn              (no ring)
MPRegen  0.11/turn              (no ring)

@: brilliant, lethally poisoned (0 -> -4), flying
A: permanent stasis, dig shafts and tunnels, four strong arms, antennae 3, thin
metallic scales 1, robust 1
a: Dig, Shaft Self


You were on level 2 of the Dungeon.
You visited 1 branch of the dungeon, and saw 2 of its levels.

You collected 111 gold pieces.

Inventory:

Armour
 c - a +0 robe (worn)
 f - a +0 pair of boots (worn)
 j - a +0 cloak (worn)
Scrolls
 d - a scroll of magic mapping {unknown}
 g - 7 scrolls of identify {unknown}
 k - 2 scrolls of remove curse {unknown}
 l - a scroll of enchant armour {unknown}


   Skills:
 * Level 0.6 Fighting
 + Level 1.9 Dodging
 + Level 2.6 Stealth
 + Level 3.1 Spellcasting
   Level 1.1 Transmutations
 * Level 4.9 Earth Magic


You had 5 spell levels left.
You knew the following spells:

 Your Spells              Type           Power        Failure   Level
a - Sandblast             Erth           ####..       2%          1
b - Stone Arrow           Conj/Erth      ##....       22%         3

Your spell library contained the following spells:

 Spells                   Type           Power        Failure   Level
 Passwall                 Tmut/Erth      ###.....     9%          2
 Petrify                  Tmut/Erth      ###.....     50%         4
 Lee's Rapid Deconstruct  Erth           ####......   58%         5


Dungeon Overview and Level Annotations

Branches:
Dungeon (2/15)

Altars:

Annotations:
D:2 Terence


Innate Abilities, Weirdness & Mutations

You cannot be hasted, slowed, berserked, paralysed or teleported.
You can dig through walls and to a lower floor.
Your four strong arms can wield two-handed weapons with a shield.
You have a pair of large antennae on your head. (SInv)
You are partially covered in thin metallic scales. (AC +2)
You are robust. (+10% HP)


Message History

* * * LOW HITPOINT WARNING * * *
You feel sick. The adder completely misses you.
You closely miss the adder.
The adder is lightly wounded.
The adder closely misses you.
You miss the adder.
The adder is lightly wounded.
* * * LOW HITPOINT WARNING * * *
You feel sick. The adder closely misses you. The adder barely misses you.
You miss the adder.
The adder is lightly wounded.
* * * LOW HITPOINT WARNING * * *
You feel sick. The adder bites you but does no damage.
You barely miss the adder.
The adder is lightly wounded.
The adder closely misses you.
You hit the adder but do no damage.
The adder is lightly wounded.
The adder barely misses you. The adder bites you.
You die...

#.# ### #.# #..
###.# #.# #...# #.#
#.### #.# #.#
######.## #.#
#.......#
####.#######.#####.#
#....@S......# #.###
#.##.######..# #....
#.##.######.)# #.###
#.##.........#####.#
#.#########........#
#.#########.########
#..>........#
###########†# #.#


You could see an adder.

Vanquished Creatures
  2 adders (D:2)
  2 worms (D:2)
  2 dart slugs (D:1)
  A leopard gecko (D:2)
  2 giant cockroaches (D:1)
  4 goblins
  6 hobgoblins
  A jackal (D:1)
  5 bats
  A frilled lizard (D:2)
  5 kobolds
  7 rats
38 creatures vanquished.

Notes
Turn   | Place    | Note
-------+----------+-------------------------------------------
     0 | D:1      | marklar909 the Formicid Earth Elementalist began the quest
                  | for the Orb.
     0 | D:1      | Reached XP level 1. HP: 13/13 MP: 3/3
   134 | D:1      | Reached skill level 4 in Earth Magic
   134 | D:1      | Reached XP level 2. HP: 16/19 MP: 1/5
   594 | D:1      | Reached XP level 3. HP: 20/24 MP: 0/7
   984 | D:2      | Reached XP level 4. HP: 20/31 MP: 0/8
  1059 | D:2      | Learned a level 3 spell: Stone Arrow
  1314 | D:2      | Noticed Terence
  1579 | D:2      | Gained mutation: You are partially covered in thin metallic
                  | scales. (AC +2) [potion of mutation]
  1579 | D:2      | Gained mutation: You are robust. (+10% HP) [potion of
                  | mutation]
  1599 | D:2      | Slain by an adder

Illustrated notes

Levels and vault maps discovered:
D:1:      eino_arrival_water_star, layout_rooms, grunt_decor_mini_mirrors,
          minmay_misc_feat_doors, minmay_circled_x
D:2:      minmay_thinvault, layout_loops_ring, bloody_trog, uniq_terence

Skill      XL: |  1  2  3 |
---------------+----------+-----
Earth Magic    | 4 |  4.9
Spellcasting   | 3 |  3.1
Fighting       | |  0.6
Dodging        | |  1.9
Stealth        | |  2.6
Transmutations | |  1.1

Action                   |  1- 3 |  4- 6 || total
-------------------------+-------+-------++-------
Melee: Unarmed           |    10 |    24 ||    34
 Cast: Sandblast         |    47 |    13 ||    60
       Stone Arrow       |       |     3 ||     3
  Use: Potion            |       |     5 ||     5
Armor: Robe              |    10 |     9 ||    19
Dodge: Dodged            |    33 |    31 ||    64

Table legend: (Time is in decaauts)
 A = Elapsed time spent in this place.
 B = Non-inter-level travel time spent in this place.
 C = Inter-level travel time spent in this place.
 D = Time resting spent in this place.
 E = Time spent auto-exploring this place.
 F = Levels seen in this place.
 G = Mean time per level.
                   A        B        C        D        E       F      G
               +--------+--------+--------+--------+--------+-----+--------+
         Total |   1600 |   1506 |     94 |    124 |   1003 |   2 |  800.0 |
       Dungeon |   1600 |   1506 |     94 |    124 |   1003 |   2 |  800.0 |
               +--------+--------+--------+--------+--------+-----+--------+

Top non-repeatable levels by time:
     D:1: 979 daAuts
     D:2: 621 daAuts
